 Dungeon Crawl Stone Soup version 0.31.0-9-g3a7656b989 (webtiles) character file.

Game seed: 4856226130313905464

58 qw the Shooter (level 3, 0/20 HPs)
             Began as a Deep Elf Hunter on Feb 2, 2024.
             Slain by a jackal (3 damage)
             ... on level 2 of the Dungeon.
             The game lasted 00:00:04 (1126 turns).

qw the Shooter (Deep Elf Hunter)                    Turns: 1126, Time: 00:00:05

Health: 0/20       AC:  5    Str: 10    XL:     3   Next: 75%
Magic:  5/5        EV: 11    Int: 13    God:
Gold:   120        SH:  0    Dex: 18    Spells: 2/2 levels left

rFire   . . .        a - +0 shortbow
rCold   . . .        (shield currently unavailable)
rNeg    . . .        d - +0 ring mail
rPois   .            (no helmet)
rElec   .            (no cloak)
rCorr   .            (no gloves)
SInv    .            (no boots)
Will    .....        (no amulet)
Stlth   +            (no ring)
HPRegen 0.23/turn    (no ring)
MPRegen 0.09/turn

%: no passive effects
@: no status effects
A: no striking features
a: no special abilities


You were on level 2 of the Dungeon.
You visited 1 branch of the dungeon, and saw 2 of its levels.

You collected 120 gold pieces.


   Skills:
 - Level 1.5 Fighting
 + Level 7.2 Ranged Weapons
 - Level 2.4 Dodging
 - Level 1.2 Stealth


You had 2 spell levels left.
You didn't know any spells.
Your spell library was empty.

Inventory:

Hand Weapons
 a - a +0 shortbow (weapon)
Armour
 c - a +0 cloak
 d - a +0 ring mail (worn)
Scrolls
 b - a scroll of enchant armour {unknown}
 e - a scroll of blinking {unknown}
 h - a scroll of acquirement {unknown}
Potions
 f - 2 potions of cancellation {unknown}
 g - a potion of enlightenment {unknown}

Dungeon Overview and Level Annotations

Branches:
Dungeon (2/15)

Altars:


Message History

The arrow closely misses the jackal.
The jackal closely misses you. The jackal barely misses you.
The jackal bites you but does no damage.
The ball python bites you. The ball python constricts you.
The jackal bites you but does no damage.
You shoot an arrow. The arrow hits the ball python.
The ball python is moderately wounded.
The jackal bites you but does no damage.
The ball python bites you but does no damage.
The ball python constricts you.
The jackal bites you but does no damage.
The jackal barely misses you.
You shoot an arrow.
The arrow closely misses the ball python.
The arrow hits the jackal!
You kill the jackal!
The jackal bites you.
The ball python bites you but does no damage.
The ball python constricts you. The jackal barely misses you.
The jackal bites you. The ball python barely misses you.
The ball python constricts you.
You shoot an arrow. The arrow hits the ball python.
You kill the ball python!
The jackal misses you. The jackal bites you. The jackal closely misses you.
The jackal bites you but does no damage.
You shoot an arrow. The arrow misses the jackal.
The jackal bites you but does no damage.
The jackal misses you. x2; The jackal closely misses you.
You shoot an arrow.
The arrow hits the jackal but does no damage.
The jackal closely misses you. The jackal completely misses you.
You shoot an arrow. The arrow closely misses the jackal.
The jackal closely misses you. The jackal bites you.
The jackal completely misses you. The jackal closely misses you.
You shoot an arrow. The arrow hits the jackal.
The jackal is almost dead.
The jackal barely misses you.
The jackal bites you but does no damage.
The jackal misses you. The jackal bites you.
You die...

#.....# #.. #.###.#
#.######## #.#
#.###.#.......
#.###.#...#.######
#...#.#.#.#.######
###.#.#........... #
###'#.#>....######
#.#h....#.########
#%'@....#.######..?#
###h....#.##..<#.#.#
#####.#.##.###.#..
#.#.........##
#.#.##.###..##
#......###....
###....#....##
#......#......
########.#....#...###


You could see 2 jackals.

Vanquished Creatures
  An adder (D:2)
  2 dart slugs (D:1)
  6 bats
  4 endoplasms
  2 giant cockroaches (D:2)
  3 goblins (D:1)
  7 hobgoblins
  5 jackals
  A kobold (D:2)
  A quokka (D:1)
  4 ball pythons
  A frilled lizard (D:1)
37 creatures vanquished.

Notes
Turn   | Place    | Note
-------+----------+-------------------------------------------
     0 | D:1      | qw the Deep Elf Hunter began the quest for the Orb.
     0 | D:1      | Reached XP level 1. HP: 12/12 MP: 3/3
     0 | D:1      | 0 ||| qw: Version: 0.3-a-155-g5e7d8dd
     0 | D:1      | 0 ||| qw: Game counter: 61
     0 | D:1      | 0 ||| qw: Melee chars always use a shield: true
     0 | D:1      | 0 ||| qw: God list: Okawaru
     0 | D:1      | 0 ||| qw: Allow faded altars: false
     0 | D:1      | 0 ||| qw: Do Orc after clearing Dungeon:15 true
     0 | D:1      | 0 ||| qw: Do second Lair branch before Depths: true
     0 | D:1      | 0 ||| qw: Lair rune preference: random
     0 | D:1      | 0 ||| qw: Goals: Normal
     0 | D:1      | 0 ||| PLANNING D:1-11
    81 | D:1      | Reached skill level 6 in Ranged Weapons
    81 | D:1      | Reached XP level 2. HP: 11/16 MP: 4/4
   436 | D:1      | Reached XP level 3. HP: 20/20 MP: 5/5
   581 | D:1      | 581 ||| UPGRADING to +0 ring mail.
   591 | D:1      | 591 ||| DROPPING +0 leather armour.
   592 | D:1      | 592 ||| READING scroll labelled CUVOAN MIBRI.
   593 | D:1      | 593 ||| DROPPING scroll of butterflies.
   595 | D:1      | 595 ||| Stepping ~*~*~tactically~*~*~ (cloud).
   602 | D:1      | HP: 5/20 [poisoned by you (poison gas)]
   878 | D:2      | Reached skill level 7 in Ranged Weapons
  1119 | D:2      | HP: 5/20 [ball python (3)]
  1122 | D:2      | HP: 2/20 [jackal (1)]
  1126 | D:2      | Slain by a jackal

Levels and vault maps discovered:
D:1:      heliophobic_arrival_battle_scene, layout_rooms, serial_rivers,
          chequers_serial_rivers_micro_b, chequers_serial_rivers_room_a,
          chequers_serial_rivers_micro_e, chequers_serial_rivers_room_a,
          chequers_serial_rivers_micro_b, st_stairs_13,
          hangedman_decor_diamond_cutter
D:2:      layout_basic, minmay_pentomino_q4

Skill      XL: |  1  2  3 |
---------------+----------+-----
Ranged Weapons | 6 7 |  7.2
Fighting       | |  1.5
Dodging        | |  2.4
Stealth        | |  1.2

Action                     || total
---------------------------++-------
   Fire: Shortbow          ||   118
    Use: Scroll            ||     1
 Armour: Leather armour    ||    11
         Ring mail         ||    43
  Dodge: Dodged            ||    65

Table legend:
 A = Non-vault XP
 B = Vault XP
 C = Vault XP percentage of total XP
 D = Non-vault monster count
 E = Vault monster count
 F = Vault count percentage of total count
                 A         B        C        D         E       F
            +---------+---------+-------+---------+---------+-------
      Total |      77 |       6 |   7.2 |      34 |       3 |   8.1
            +---------+---------+-------+---------+---------+-------
        D:1 |      44 |       2 |   4.3 |      21 |       1 |   4.5
        D:2 |      33 |       4 |  10.8 |      13 |       2 |  13.3
            +---------+---------+-------+---------+---------+-------
